Map: [ESL] Goldenaura

Players

Maru

  • Race: Terran Terran
  • Spawn Location: 12:00

Serral - Winner!

  • Race: Zerg Zerg
  • Spawn Location: 5:00

Event: ESL Spring 2024 Finals

VOD

Have the link to the VOD?

Description

Time

  • Played on: June 2, 2024, 4:25 p.m.
  • Length: 9:20

All games in this series

Show
View Real Time Build Order
Export as new Build Order

Maru Terran 

Build Orders: Liberator Opening 

Get SALT Encoding   

  12  0:00  SCV  
  13  0:12  SCV  
  14  0:17  Supply Depot  
  14  0:24  SCV  
  15  0:39  SCV  
  15  0:40  Barracks  
  16  0:51  SCV  
  16  0:52  Refinery  
  17  1:03  SCV  
  18  1:15  SCV  
  19  1:27  Marine, Orbital Command  
  20  1:38  Command Center  
  20  1:45  Marine  
  21  1:50  Supply Depot  
  21  1:53  SCV  
  22  2:02  Factory  
  22  2:06  SCV  
  23  2:10  Refinery  
  23  2:14  Barracks Reactor  
  23  2:18  SCV  
  24  2:30  SCV  
  25  2:43  SCV  
  26  2:47  Starport  
  26  2:50  Orbital Command  
  26  2:55  SCV  
  27  3:04  Cyclone x2  
  31  3:07  SCV  
  32  3:16  SCV  
  32  3:17  Barracks Tech Lab  
  33  3:21  SCV  
  34  3:28  Liberator, Supply Depot  
  34  3:29  SCV  
  34  3:33  SCV  
  39  3:36  Hellion  
  39  3:37  Hellion  
  43  3:42  SCV  
  43  3:43  Barracks  
  43  3:46  SCV  
  43  3:48  Stimpack  
  45  3:53  Supply Depot  
  45  3:54  SCV  
  46  3:58  SCV  
  46  3:59  Marine  
  46  4:02  Hellion x2  
  52  4:06  SCV  
  53  4:10  SCV  
  54  4:18  SCV  
  54  4:22  SCV, Marine  
  54  4:24  Starport Reactor  
  56  4:30  SCV  
  57  4:31  Supply Depot  
  57  4:34  SCV  
  57  4:37  Marine x2  
  60  4:40  Marine  
  60  4:42  SCV  
  62  4:49  Supply Depot  
  62  4:52  Command Center  
  62  4:53  SCV  
  62  4:54  SCV  
  62  4:59  Factory Tech Lab  
  64  5:02  Marine x3  
  64  5:04  Supply Depot  
  64  5:05  SCV  
  64  5:06  SCV  
  69  5:11  Medivac x2  
  73  5:17  SCV  
  73  5:18  Engineering Bay  
  73  5:19  SCV, Engineering Bay  
  75  5:22  Refinery  
  75  5:23  Marine x3  
  75  5:28  Siege Tank  
  81  5:35  Combat Shield  
  81  5:36  SCV x2  
  81  5:38  Refinery  
  81  5:41  Marine x3  
  86  5:58  Terran Infantry Weapons Level 1, Terran Infantry Armor Level 1  
  86  5:59  Supply Depot  
  86  6:03  Marine  
  86  6:04  SCV x2  
  89  6:05  Orbital Command  
  89  6:08  Barracks  
  89  6:09  Barracks  
  89  6:16  SCV x2, Marine x2  
  93  6:18  Siege Tank  
  96  6:28  SCV, Orbital Command  
  96  6:30  SCV  
  96  6:32  Barracks  
  98  6:37  Marine  
  98  6:38  Marine x2  
  98  6:39  Armory, Medivac  
  103  6:43  SCV  
  103  6:45  Supply Depot  
  103  6:46  Medivac  
  106  6:50  Siege Tank  
  109  6:55  Barracks  
  109  6:57  Barracks  
  109  6:58  Barracks Reactor x2  
  109  6:59  Barracks  
  109  7:06  Marine x3  
  112  7:08  Supply Depot  
  112  7:09  Supply Depot  
  112  7:14  Medivac  
  114  7:20  SCV x2  
  114  7:21  SCV  
  117  7:25  Supply Depot, Barracks Reactor  
  117  7:29  Marine  
  117  7:30  Siege Tank  
  121  7:40  Marine  
  121  7:41  Marine x3  
  121  7:43  SCV  
  121  7:44  SCV  
  127  7:48  Marine x2  
  127  7:49  Marine x2  
  127  7:50  Marine x2  
  133  7:53  Supply Depot x2  
  133  7:58  Marine x2  
  133  8:00  Marine x2  
  137  8:06  SCV x2, Marine x2  
  137  8:10  SCV  
  137  8:11  Marine  
  134  8:18  SCV x2  
  115  8:22  SCV, Marine  
  115  8:26  Marine  
  106  8:30  SCV x2  
  107  8:35  Marine x3  
  107  8:39  Medivac  
  112  8:43  Marine x5  
  112  8:44  Marine  
  112  8:46  Marine  
  116  8:56  Marine x3  
Show
View Real Time Build Order
Export as new Build Order

Serral Zerg - Winner!

Build Orders: Hatch First 

Get SALT Encoding   

  12  0:00  Drone  
  13  0:11  Overlord  
  13  0:17  Drone  
  14  0:30  Drone x2  
  16  0:47  Hatchery  
  15  0:51  Drone  
  15  0:54  Drone  
  17  0:58  Drone  
  18  1:08  Extractor  
  17  1:14  Spawning Pool  
  17  1:16  Drone  
  17  1:20  Drone  
  18  1:28  Drone  
  19  1:37  Drone  
  20  1:49  Drone  
  21  2:00  Queen x2  
  25  2:02  Zergling x4  
  27  2:09  Overlord  
  27  2:10  Drone  
  27  2:13  Metabolic Boost  
  28  2:28  Hatchery  
  27  2:32  Drone  
  27  2:33  Drone  
  27  2:35  Drone  
  30  2:38  Drone  
  31  2:45  Queen  
  33  2:51  Overlord  
  33  2:53  Drone  
  33  2:54  Drone  
  33  2:57  Drone  
  36  3:08  Overlord  
  36  3:09  Queen  
  38  3:13  Drone x3  
  38  3:15  Drone  
  38  3:17  Drone  
  43  3:26  Queen, Drone  
  46  3:27  Drone  
  46  3:30  Overlord  
  47  3:37  Drone  
  47  3:40  Queen  
  47  3:41  Drone  
  51  3:42  Drone x2  
  51  3:46  Overlord  
  53  3:48  Zergling x2  
  53  3:49  Zergling x2  
  53  3:53  Overlord  
  53  3:55  Zergling x2  
  56  3:56  Drone  
  56  3:58  Drone  
  56  4:01  Overlord  
  58  4:03  Zergling x2  
  58  4:04  Zergling x2  
  58  4:08  Drone  
  61  4:12  Spore Crawler  
  61  4:13  Zergling x8  
  64  4:20  Queen  
  64  4:22  Queen  
  68  4:26  Drone  
  68  4:28  Drone, Spore Crawler  
  68  4:29  Drone  
  68  4:31  Drone  
  71  4:34  Drone  
  71  4:35  Drone  
  71  4:36  Overlord  
  73  4:39  Drone x2  
  73  4:42  Overlord  
  75  4:47  Lair  
  75  4:48  Drone  
  75  4:52  Drone x3  
  79  4:56  Queen  
  79  4:58  Overlord  
  80  5:02  Overlord  
  80  5:03  Drone  
  80  5:04  Drone  
  82  5:07  Extractor, Baneling Nest  
  82  5:09  Drone x3  
  82  5:12  Drone  
  82  5:13  Drone  
  86  5:14  Drone  
  86  5:17  Overlord  
  86  5:20  Drone  
  87  5:28  Drone x5  
  92  5:32  Drone  
  92  5:35  Extractor  
  92  5:36  Extractor  
  92  5:39  Drone x2  
  92  5:40  Hatchery, Evolution Chamber x2  
  90  5:47  Overlord  
  90  5:49  Zergling x12  
  96  5:50  Overseer  
  96  5:55  Overlord, Centrifugal Hooks  
  96  5:57  Zergling x4  
  96  6:00  Zergling x4  
  96  6:03  Baneling x2  
  96  6:04  Baneling x6  
  100  6:09  Zergling x4  
  102  6:17  Zerg Ground Armor Level 1  
  102  6:20  Zergling x14  
  102  6:21  Hatchery  
  108  6:27  Zerg Melee Weapons Level 1  
  108  6:28  Overlord  
  108  6:30  Overlord  
  108  6:32  Overlord  
  108  6:34  Overlord  
  108  6:36  Drone x4  
  108  6:39  Drone  
  114  6:40  Drone x3  
  114  6:43  Drone  
  114  6:44  Drone x2  
  119  6:53  Drone x2  
  119  6:54  Queen, Drone x2  
  123  7:00  Drone  
  123  7:01  Zergling x4  
  128  7:02  Hatchery  
  128  7:06  Zergling x8  
  131  7:13  Burrow  
  131  7:14  Zergling x8  
  135  7:22  Baneling x6, Zergling x2  
  136  7:23  Zergling x10  
  136  7:25  Overlord  
  136  7:26  Overlord  
  136  7:27  Zergling x2  
  141  7:40  Zergling x20  
  150  7:44  Queen  
  150  7:45  Overlord, Queen  
  150  7:46  Zergling x6  
  157  7:53  Baneling x23  
  157  7:57  Zergling x16  
  157  7:58  Zergling x2  
  165  8:02  Zergling x10  
  165  8:03  Zergling x2  
  170  8:09  Zergling x8  
  170  8:10  Zergling x2  
  170  8:12  Baneling x11  
  169  8:15  Zergling x8  
  169  8:19  Zergling x4  
  165  8:21  Zergling x2  
  155  8:27  Zergling x2  
  155  8:28  Zergling x16  
  155  8:29  Zergling x2  
  162  8:44  Zergling x16  
  170  8:51  Zergling x2  
  170  8:52  Zergling x10  
  172  8:55  Zergling x2  
  172  9:01  Baneling x6  
  172  9:02  Zergling x24  
Tags
 
Add a new tag
Caveats
  • Supply blocks, unpowered buildings, or Contaminate may cause inaccurate times.
  • Supply counts are checked every 10 seconds.